 Dungeon Crawl Stone Soup version 0.16-a0-890-g98fc465 (webtiles) character file.

187741 Chiseanne the Imperceptible (level 17, -1/124 HPs)
             Began as a Spriggan Assassin on Sept 26, 2014.
             Was the Champion of Dithmenos.
             Slain by a naga warrior
             ... wielding a +0 spear
              (14 damage)
             ... on Level 3 of the Snake Pit on Sept 29, 2014.
             The game lasted 03:02:28 (31707 turns).

Chiseanne the Imperceptible (Spriggan Assassin)    Turns: 31707, Time: 03:02:28

HP  -1/124       AC 28     Str 12      XL: 17   Next: 89%
MP  34/34        EV  4     Int 13      God: Dithmenos [******]
Gold 2226        SH  5     Dex 26      Spells:  6 memorised, 20 levels left

rFire  + . .     SeeInvis +     a - +8 dagger (elec)
rCold  . . .     Clarity  +     s - melded +4 skin of Zhor {rC+++}
rNeg   + + +     rCorr    .     P - -5 buckler of Valour {rF+ Dex+2 SInv}
rPois  +         rRot     .     m - melded +2 hat {Int+3}
rElec  .         Spirit   .     Q - melded +2 cloak
SustAb .         Warding  .     (gloves unavailable)
rMut   .         NoTele   +     (boots unavailable)
Gourm  .                        I - amulet of clarity
MR     ++...                    V - cursed ring of Pantheism {+Fly rPois}
                                l - ring of regeneration

@: mighty, tree-form, wreathed by umbra, constricted, very resistant to hostile
enchantments, uncannily stealthy
A: unfitting armour, (slimy green scales 0), see invisible, herbivore 3, (speed
0), slow metabolism 2
a: Shadow Step, Shadow Form, Renounce Religion


You were on level 3 of the Snake Pit.
You worshipped Dithmenos.
Dithmenos was exalted by your worship.
You were full.
You were a tree.
You visited 6 branches of the dungeon, and saw 32 of its levels.
You also visited: Labyrinth, Bailey and Ice Cave.

You collected 3175 gold pieces.
You spent 949 gold pieces at shops.

Inventory:

Hand weapons
 a - a +8 dagger of electrocution (weapon)
 d - the +9 short sword of the Dungeon {freeze, Str+4 Dex+3 Int+1 Stlth+}
   (You bought it in a shop on level 4 of the Orcish Mines)

   It has been specially enchanted to freeze those struck by it, causing extra
   injury to most foes and up to double damage against particularly susceptible
   opponents.
   It can also slow down cold-blooded creatures.
   It affects your strength (+4).
   It affects your intelligence (+1).
   It affects your dexterity (+3).
   It makes you more stealthy.
 w - a +0 blowgun
Missiles
 f - 2 curare-tipped needles
 x - 38 tomahawks
 C - 104 poisoned needles
 G - 2 tomahawks of dispersal
 R - 6 needles of sleeping
 U - 3 tomahawks of returning (quivered)
Armour
 m - a +2 hat of intelligence (melded)
 s - the +4 skin of Zhor (melded) {rC+++}
   (You found it on level 14 of the Dungeon)

   It renders you almost immune to cold.
 P - the -5 buckler of Valour (worn) {rF+ Dex+2 SInv}
   (You acquired it on level 1 of the Lair of Beasts)

   It affects your dexterity (+2).
   It protects you from fire.
   It enhances your eyesight.
 Q - a +2 cloak (melded)
Magical devices
 g - a wand of cold (0)
 j - a wand of paralysis (8)
 r - a wand of paralysis (2)
 v - a wand of enslavement (10)
 H - a wand of invisibility (7)
 M - a wand of enslavement (6)
 W - a wand of cold (8)
 Z - a wand of disintegration (8)
Comestibles
 B - 6 slices of pizza
 D - 16 royal jellies
 O - 12 bread rations
Scrolls
 b - 2 scrolls of blinking
 n - 8 scrolls of teleportation
 o - 5 scrolls of fear
 t - 8 scrolls of remove curse
 J - 3 scrolls of fog
 L - a scroll of recharging
 S - 6 scrolls of identify
 X - a scroll of silence
Jewellery
 i - the ring of Koroxoota {Wiz Str+3 Int+3}
   (You found it on level 2 of the Snake Pit)

   [ring of wizardry]

   It improves your spell success rate.
   It affects your strength (+3).
   It affects your intelligence (+3).
 l - a ring of regeneration (left branch)
 u - an uncursed ring of fire
 y - an uncursed ring of protection from cold
 I - an amulet of clarity (around neck)
 V - the cursed ring of Pantheism (right branch) {+Fly rPois}
   (You found it in an ice cave)

   [ring of flight]

   It protects you from poison.
   It lets you fly.
   It has a curse placed upon it.
 Y - an uncursed amulet of stasis
Potions
 c - 2 potions of haste
 h - 2 potions of resistance
 k - 3 potions of invisibility
 p - 6 potions of heal wounds
 z - 4 potions of might
 A - 9 potions of curing
 F - a potion of restore abilities
 K - 3 potions of berserk rage
 N - a potion of cancellation
 T - a potion of lignification
Miscellaneous
 E - a lantern of shadows
Rods
 e - a +7 rod of shadows (16/16)
   (You found it in a labyrinth)
 q - a +9 rod of shadows (17/17)
   (You found it in a labyrinth)


   Skills:
 - Level 6.7 Fighting
 - Level 12.0 Short Blades
 - Level 2.1 Throwing
 * Level 21.6 Dodging
 * Level 23.5 Stealth
 * Level 8.3 Shields
 - Level 7.0 Spellcasting
 - Level 10.7 Invocations
 - Level 7.1 Evocations


You had 20 spell levels left.
You knew the following spells:

 Your Spells              Type           Power        Failure   Level  Hunger
a - Apportation           Tloc           #.........   17%         1    None
b - Blink                 Tloc           N/A          24%         2    #......
c - Repel Missiles        Chrm/Air       #.....       24%         2    #......
d - Stoneskin             Trmt/Erth      #.......     24%         2    #......
e - Summon Butterflies    Summ           #.......     17%         1    None
f - Cure Poison           Pois           #.........   24%         2    #......


Dungeon Overview and Level Annotations

Branches:
Dungeon (15/15)            Temple (1/1) D:6             Orc (4/4) D:10
    Elf (0/3) Orc:3          Lair (8/8) D:9           Swamp (0/5) Lair:5
  Snake (3/5) Lair:6        Slime (0/6) Lair:7       Vaults (0/5) D:13
 Depths (1/5) D:15

Altars:
Ashenzari
Cheibriados
Dithmenos
Elyvilon
Fedhas
Gozag
Kikubaaqudgha
Makhleb
Nemelex Xobeh
Okawaru
Qazlal
Ru
Sif Muna
Trog
Vehumet
Xom
Yredelemnul
Zin
The Shining One

Shops:
Orc:1 [   Orc:2 (   Orc:3 *   Orc:4 :(*[   Snake:2 (   Snake:3 *

Portals:
Trove: D:11 (lose all piety)

Annotations:
Lair:5 exclusion: downstairs
Depths:1 the Enchantress


Innate Abilities, Weirdness & Mutations

You are tiny and cannot use many weapons and most armour.
You have supernaturally acute eyesight.
You are a herbivore.
((You cover ground extremely quickly.))
You need consume almost no food.
((You are partially covered in slimy green scales (AC +2).))


Message History

The naga warrior constricts you.
You slash the naga warrior!
There is a sudden explosion of sparks!
The naga warrior is almost dead.
The naga warrior blocks your attack.
The naga warrior is almost dead.
The naga warrior completely misses you.
* * * LOW HITPOINT WARNING * * *
The naga warrior constricts you.
You puncture the naga warrior!
The naga warrior is almost dead.
The naga warrior blocks your attack.
The naga warrior is almost dead.
You block the naga warrior's attack. The naga warrior constricts you.
The naga warrior blocks your attack.
The naga warrior is almost dead.
Your shadow hits the naga warrior but does no damage.
You barely miss the naga warrior.
The naga warrior is almost dead.
The naga warrior hits you with a spear!
You die...

#####... ....# . # ....#
.....# ....#.......#
..<.#.......+
...##.......+ ..##
#.....[##++###### #'#
#.......).....#
#.####.#........♣)...#
.......#........N...>#
..######....)..>.......#
.......'.............#..
.......'....########## .
..######..###.....###
..# ####.........## ..#
#.%.........# ..#
##....###....##


You could see a naga warrior.

Vanquished Creatures
  Asterion (Snake:1)
  Frances (Snake:1)
  2 frost giants
  Aizul (Snake:1)
  Louise (Snake:1)
  A stone giant (Orc:4)
  A deep elf annihilator (D:12)
  An ettin (D:12)
  Snorg (D:14)
  A minotaur (Lab)
  4 vault guards (D:13)
  A yaktaur captain (D:12)
  5 naga warriors
  6 hydras
  An ogre mage (D:15)
  Erica (Orc:3)
  4 tengu warriors
  A centaur warrior (D:14)
  11 death yaks (Lair:8)
  2 naga sharpshooters
  2 orc high priests (Orc:4)
  A salamander mystic (Snake:2)
  3 catoblepae (Lair:8)
  2 unseen horrors
  3 skeletal warriors (D:13)
  2 naga ritualists (Snake:3)
  5 orc knights
  22 hill giants
  A harpy (shapeshifter) (D:15)
  6 mana vipers
  10 ugly things
  2 oklob plants
  6 orc sorcerers
  2 manticores
  11 cyclopes
  15 elephants
  5 salamanders
  13 black mambas
  Maurice (D:11)
  2 gargoyles
  6 naga magi
  13 spiny frogs
  2 tengu conjurers
  A wandering mushroom (Lair:8)
  A removed MONS_ITEM_MIMIC (Lair:5)
  4 kobold demonologists
  4 komodo dragons
  2 fire drakes
  5 two-headed ogres
  A queen bee (D:9)
  2 efreet
  7 trolls
  A jumping spider (shapeshifter) (D:15)
  Sonja (D:13)
  A hydra skeleton (D:14)
  19 polar bears
  5 boulder beetles
  A shadow (D:12)
  8 slime creatures
  15 blink frogs
  8 ravens
  2 trapdoor spiders
  3 wraiths
  4 basilisks
  A vampire (D:15)
  A hill giant zombie (D:12)
  3 water elementals (D:13)
  2 hungry ghosts
  53 yaks
  3 wargs
  A wyvern (D:13)
  A hog (shapeshifter) (D:15)
  39 wolves
  A deep elf mage (D:14)
  11 hippogriffs
  Edmund (D:8)
  Menkaure (D:4)
  A human zombie (D:12)
  4 vampire mosquitoes (Lair:5)
  12 nagas
  12 porcupines
  A mottled dragon (D:12)
  5 ice beasts
  21 water moccasins
  38 orc warriors
  4 yellow wasps
  2 black bears
  15 ogres
  2 phantoms
  5 boggarts (D:15)
  2 sky beasts
  2 boring beetles
  16 crocodiles
  Duvessa (D:8)
  12 centaurs
  A gnoll sergeant (Orc:4)
  A necrophage (D:8)
  10 big kobolds
  A komodo dragon zombie (D:12)
  A brain worm (D:14)
  23 giant frogs
  A troll zombie (D:12)
  An eye of draining (D:13)
  A boulder beetle zombie (D:15)
  A scorpion (D:13)
  42 killer bees
  5 wights (D:7)
  A scorpion (shapeshifter) (D:15)
  5 crimson imps
  2 electric eels
  Dowan (D:8)
  A goliath beetle (D:8)
  A centaur zombie (D:10)
  A quasit (D:9)
  A giant frog zombie (D:10)
  10 hounds
  9 jellies
  A basilisk zombie (D:12)
  3 giant frog skeletons
  An elf zombie (D:15)
  26 orc priests
  An iron imp (D:5)
  A cyclops simulacrum (D:15)
  2 two-headed ogre zombies
  43 orc wizards
  14 worker ants
  6 orange rats (Lair:6)
  8 iguanas
  A mottled dragon zombie (D:12)
  54 sheep
  An ogre zombie (D:5)
  An ogre skeleton (D:6)
  A mummy (D:15)
  2 worker ant zombies (D:5)
  24 adders
  6 gnolls
  79 green rats
  A shadow imp (D:12)
  3 orc skeletons
  7 giant mites
  3 worms
  12 white imps (D:11)
  2 adder zombies
  2 giant geckos
  14 oozes
  195 orcs
  A bat zombie (D:7)
  20 hobgoblins
  9 jackals
  27 kobolds
  13 quokkas
  A ball python (D:2)
  17 bats
  6 giant cockroaches
  5 giant newts
  2 giant spores
  19 goblins
  2 goblin skeletons (D:5)
  A goblin zombie (D:5)
  2 hobgoblin zombies (D:5)
  A jackal skeleton (D:4)
  A kobold skeleton (D:5)
  2 kobold zombies (D:5)
  5 orc zombies
  A quokka skeleton (D:5)
  26 rats
  A rat zombie (D:7)
  12 ballistomycetes
  9 fungi
  5 plants
1372 creatures vanquished.

Vanquished Creatures (collateral kills)
  An orc high priest (Orc:4)
  A wolf (Lair:7)
  A giant frog (Orc:4)
  2 gnolls (Orc:4)
  An orc (Orc:4)
  A giant spore (Orc:4)
7 creatures vanquished.

Vanquished Creatures (others)
  An unseen horror (D:13)
  A polar bear (IceCv)
  A troll (Orc:4)
  A yak (IceCv)
  A hippogriff (IceCv)
  A necrophage (Orc:4)
  A giant frog (Orc:4)
  4 killer bees (Orc:4)
  An adder (Orc:4)
  A worm (Bailey)
  An orc (Orc:4)
  A quokka (Orc:4)
  3 bats
  A giant cockroach (Bailey)
  A giant newt (Bailey)
  A giant spore (D:13)
  An orc skeleton (D:5)
  A fungus (Lair:2)
23 creatures vanquished.

Grand Total: 1402 creatures vanquished

Notes
Turn   | Place    | Note
--------------------------------------------------------------
     0 | D:1      | Chiseanne, the Spriggan Assassin, began the quest for the Orb.
     0 | D:1      | Reached XP level 1. HP: 10/10 MP: 2/2
    19 | D:1      | Reached skill level 6 in Stealth
   391 | D:1      | Reached XP level 2. HP: 7/14 MP: 4/4
   967 | D:2      | Reached skill level 7 in Stealth
   993 | D:2      | Reached XP level 3. HP: 18/18 MP: 6/6
  1281 | D:2      | Found a shadowy altar of Dithmenos.
  1305 | D:2      | Became a worshipper of Dithmenos the Shadowed
  1433 | D:3      | Reached XP level 4. HP: 18/22 MP: 8/8
  1454 | D:3      | Found a shimmering altar of Xom.
  1570 | D:3      | Reached skill level 8 in Stealth
  1969 | D:3      | Reached XP level 5. HP: 25/25 MP: 10/10
  2150 | D:4      | Noticed an ogre
  2190 | D:4      | Killed an ogre
  2190 | D:4      | Reached skill level 5 in Dodging
  2190 | D:4      | Reached skill level 9 in Stealth
  2224 | D:4      | Noticed Menkaure
  2228 | D:4      | Killed Menkaure
  2228 | D:4      | Reached skill level 10 in Stealth
  2228 | D:4      | Reached XP level 6. HP: 30/30 MP: 12/12
  2337 | D:4      | Found a white marble altar of Elyvilon.
  2618 | D:4      | Reached XP level 7. HP: 24/33 MP: 14/14
  2663 | D:4      | Reached skill level 11 in Stealth
  3022 | D:5      | Entered Level 5 of the Dungeon
  3120 | D:5      | Found a glowing silver altar of Zin.
  3164 | D:5      | Acquired Dithmenos' first power
  3174 | D:5      | Found a glowing golden altar of the Shining One.
  3278 | D:5      | Identified a scroll of acquirement
  3374 | D:5      | Reached skill level 12 in Stealth
  3575 | D:5      | Reached XP level 8. HP: 37/37 MP: 16/16
  3691 | D:5      | Learned a level 2 spell: Stoneskin
  4028 | D:6      | Found a staircase to the Ecumenical Temple.
  4041 | Temple   | Entered the Ecumenical Temple
  4143 | D:6      | Found a burning altar of Makhleb.
  4144 | D:6      | Reached skill level 13 in Stealth
  4324 | D:6      | Acquired Dithmenos' second power
  4423 | D:6      | Reached skill level 14 in Stealth
  4807 | D:7      | Reached skill level 15 in Stealth
  4807 | D:7      | Reached XP level 9. HP: 41/41 MP: 18/18
  5002 | D:7      | Reached skill level 10 in Dodging
  5200 | D:8      | Noticed Duvessa
  5206 | D:8      | Noticed Dowan
  5215 | D:8      | Reached skill level 16 in Stealth
  5222 | D:8      | Killed Duvessa
  5229 | D:8      | Killed Dowan
  5336 | D:8      | Found an ancient bone altar of Kikubaaqudgha.
  5386 | D:8      | Noticed Edmund
  5390 | D:8      | Killed Edmund
  5549 | D:8      | Noticed a hill giant
  5561 | D:8      | Killed a hill giant
  5561 | D:8      | Reached skill level 17 in Stealth
  5602 | D:8      | Acquired Dithmenos' third power
  5678 | D:8      | Reached XP level 10. HP: 43/46 MP: 19/19
  5732 | D:8      | Noticed a three-headed hydra
  5735 | D:8      | Killed a three-headed hydra
  5735 | D:8      | Reached skill level 18 in Stealth
  5952 | D:9      | Found a staircase to the Lair.
  6775 | Lair:1   | Entered Level 1 of the Lair of Beasts
  6855 | Lair:1   | Acquired Dithmenos' fourth power
  6863 | Lair:1   | Reached XP level 11. HP: 49/49 MP: 20/20
  6864 | Lair:1   | Reached skill level 19 in Stealth
  6874 | Lair:1   | Reached skill level 15 in Dodging
  6908 | Lair:1   | Got an encrusted buckler
  6914 | Lair:1   | Identified the -5 buckler of Valour {rF+ Dex+2 SInv} (You acquired it on level 1 of the Lair of Beasts)
  7342 | Lair:1   | Noticed a black mamba
  7349 | Lair:1   | Killed a black mamba
  7778 | Lair:1   | Noticed a black mamba
  7784 | Lair:1   | Killed a black mamba
  8157 | Lair:2   | Reached skill level 20 in Stealth
  8807 | Lair:3   | Found a labyrinth entrance.
  8830 | Lab      | Entered a labyrinth
  8932 | Lab      | Noticed a minotaur
  8937 | Lab      | Killed a minotaur
  8955 | Lair:3   | Identified a +3 rod of shadows (10/10) (You found it in a labyrinth)
  8956 | Lair:3   | Identified a +3 rod of shadows (9/9) (You found it in a labyrinth)
  8964 | Lair:3   | Learned a level 2 spell: Blink
  8967 | Lair:3   | Learned a level 2 spell: Repel Missiles
  9045 | Lair:3   | Reached XP level 12. HP: 53/53 MP: 21/21
  9066 | Lair:3   | Found a deep blue altar of Sif Muna.
  9227 | Lair:3   | Reached skill level 21 in Stealth
  9480 | Lair:3   | Noticed a five-headed hydra
  9485 | Lair:3   | Killed a five-headed hydra
  9858 | Lair:1   | Gained mutation: You are partially covered in slimy green scales (AC +2). [potion of beneficial mutation]
 10139 | Lair:4   | Reached skill level 5 in Short Blades
 10280 | Lair:4   | Reached XP level 13. HP: 56/66 MP: 22/22
 10673 | Lair:5   | Got a warped buckler
 10684 | Lair:5   | Identified the +2 buckler of Henotheism {Stlth+} (You acquired it on level 5 of the Lair of Beasts)
 10881 | Lair:5   | Found a staircase to the Swamp.
 12154 | Lair:6   | Found a staircase to the Snake Pit.
 13365 | Lair:7   | Reached XP level 14. HP: 70/70 MP: 23/23
 13528 | Lair:7   | Found a staircase to the Slime Pits.
 13534 | Lair:7   | Reached skill level 10 in Short Blades
 13656 | Lair:7   | Reached skill level 1 in Invocations
 13864 | Lair:7   | Got an iridescent falchion
 13894 | Lair:7   | Identified the +3 falchion "Orb Guardian's Regret" {venom, rC++ MR++ Str-4} (You found it on level 7 of the Lair of Beasts)
 14348 | Lair:8   | Entered Level 8 of the Lair of Beasts
 14555 | Lair:8   | Reached skill level 5 in Invocations
 15007 | Lair:8   | Learned a level 1 spell: Apportation
 15009 | Lair:8   | Learned a level 1 spell: Summon Butterflies
 15681 | D:10     | Entered Level 10 of the Dungeon
 15742 | D:10     | Found a blossoming altar of Fedhas.
 15804 | D:10     | Found a staircase to the Orcish Mines.
 15808 | D:10     | Reached skill level 10 in Invocations
 16451 | Orc:1    | Entered Level 1 of the Orcish Mines
 16461 | Orc:1    | Found Kelixiamp's Armour Boutique.
 16486 | Orc:1    | Found a flagged portal.
 16501 | Bailey   | Entered a bailey
 16669 | Bailey   | Reached XP level 15. HP: 74/74 MP: 33/33
 17059 | Bailey   | Reached skill level 1 in Evocations
 17844 | Orc:2    | Found Ifiux's Weapon Boutique.
 18395 | Orc:3    | Found Twextat's General Store.
 18411 | Orc:3    | Bought a potion of curing for 24 gold pieces
 18411 | Orc:3    | Bought a scroll of remove curse for 36 gold pieces
 18411 | Orc:3    | Bought 2 scrolls of recharging for 228 gold pieces
 18411 | Orc:3    | Bought a scroll of identify for 24 gold pieces
 18802 | Orc:3    | Noticed Erica
 18804 | Orc:3    | Reached XP level 16. HP: 73/79 MP: 34/34
 18823 | Orc:3    | Killed Erica
 18823 | Orc:3    | Reached skill level 5 in Evocations
 18860 | Orc:3    | Learned a level 2 spell: Cure Poison
 18890 | Orc:3    | Found a staircase to the Elven Halls.
 19253 | Orc:4    | Entered Level 4 of the Orcish Mines
 20187 | Orc:4    | Got an iridescent falchion
 20198 | Orc:4    | Identified the +7 falchion of Embarrassment {holy, Stlth+} (You found it on level 4 of the Orcish Mines)
 20894 | Orc:4    | Found Hacrepsa's Antique Armour Shop.
 20895 | Orc:4    | Found Wiewk's Antique Weapon Shop.
 20897 | Orc:4    | Found Muidue's General Store.
 20897 | Orc:4    | Found Kiotin's Book Boutique.
 20903 | Orc:4    | Bought a bread ration for 60 gold pieces
 20903 | Orc:4    | Bought a bread ration for 60 gold pieces
 20903 | Orc:4    | Bought a potion of flight for 36 gold pieces
 20903 | Orc:4    | Bought a wand of invisibility (3) for 84 gold pieces
 20903 | Orc:4    | Bought a bread ration for 60 gold pieces
 20916 | Orc:4    | Bought a fine short sword for 232 gold pieces
 20918 | Orc:4    | Identified the cursed +9 short sword of the Dungeon {freeze, Str+4 Dex+3 Int+1 Stlth+} (You bought it in a shop on level 4 of the Orcish Mines)
 21346 | D:11     | Reached skill level 22 in Stealth
 21368 | D:11     | Noticed Maurice
 21370 | D:11     | Killed Maurice
 21414 | D:11     | Found a frozen archway.
 21455 | IceCv    | Entered an ice cave
 22248 | IceCv    | Got an ancient marble ring
 22264 | IceCv    | Identified the ring of Pantheism {+Fly rPois} (You found it in an ice cave)
 22631 | D:11     | Found a portal to a secret trove of treasure.
 23724 | D:12     | Found a glowing golden altar of the Shining One.
 24493 | D:13     | Noticed Sonja
 24500 | D:13     | Killed Sonja
 25012 | D:13     | Found a gate to the Vaults.
 25038 | D:13     | Reached skill level 23 in Stealth
 25038 | D:13     | Reached XP level 17. HP: 52/83 MP: 34/34
 25601 | D:13     | Reached skill level 1 in Shields
 27042 | D:14     | Noticed Snorg
 27044 | D:14     | Killed Snorg
 27397 | D:15     | Entered Level 15 of the Dungeon
 27499 | D:15     | Reached skill level 5 in Shields
 27602 | D:15     | Found a blossoming altar of Fedhas.
 28273 | D:15     | Found a staircase to the Depths.
 28808 | Lair:1   | Upgraded the game from 0.16-a0-783-gf476f6a to 0.16-a0-890-g98fc465
 28984 | Depths:1 | Entered Level 1 of the Depths
 29000 | Depths:1 | Noticed the Enchantress
 29463 | Snake:1  | Entered Level 1 of the Snake Pit
 29521 | Snake:1  | Noticed Louise
 29573 | Snake:1  | Killed Louise
 29648 | Snake:1  | Noticed Asterion
 29650 | Snake:1  | Killed Asterion
 29787 | Snake:1  | Noticed Aizul
 29789 | Snake:1  | Killed Aizul
 29983 | Snake:1  | Found a snail-covered altar of Cheibriados.
 29983 | Snake:1  | Noticed Frances
 29985 | Snake:1  | Killed Frances
 30610 | Snake:2  | Got a brightly glowing marble ring
 30626 | Snake:2  | Identified the ring of Koroxoota {Wiz Str+3 Int+3} (You found it on level 2 of the Snake Pit)
 30967 | Snake:2  | Found Kivocs' Antique Weapon Emporium.
 31192 | Snake:3  | Found Xoekifag's General Store.
 31197 | Snake:3  | Bought a scroll of silence for 105 gold pieces
 31707 | Snake:3  | Slain by a naga warrior

Action                   |  1- 3 |  4- 6 |  7- 9 | 10-12 | 13-15 | 16-18 || total
-------------------------+-------+-------+-------+-------+-------+-------++-------
Melee: Dagger            |   137 |   139 |   323 |   655 |  1290 |  1416 ||  3960
       Short sword       |       |       |       |       |       |   649 ||   649
       Rod               |       |       |       |       |       |    24 ||    24
       Falchion          |       |       |       |       |       |    21 ||    21
 Fire: Blowgun           |     5 |     4 |       |     6 |    50 |    29 ||    94
Throw: Tomahawk          |       |       |     1 |    10 |       |    24 ||    35
       Throwing net      |       |       |       |       |     4 |       ||     4
 Cast: Repel Missiles    |       |       |       |       |     2 |     2 ||     4
       Cure Poison       |       |       |       |       |       |     1 ||     1
Invok: Shadow Step       |       |       |       |       |       |    18 ||    18
Evoke: Wand              |       |       |     3 |    18 |    23 |     4 ||    48
       Rod               |       |       |       |       |     7 |    14 ||    21
  Use: Scroll            |       |    13 |    10 |    14 |    15 |    12 ||    64
       Potion            |       |     2 |     1 |     2 |     4 |     6 ||    15
 Stab: Sleeping          |    14 |    14 |    45 |    85 |   196 |   164 ||   518
       Invisible         |       |       |     1 |       |     1 |       ||     2
       Distracted        |       |       |     1 |     2 |    19 |    27 ||    49
       Held in net/web   |       |       |       |       |     1 |       ||     1
       Fleeing           |       |       |       |       |       |     1 ||     1
  Eat: Bread ration      |       |       |     1 |       |       |       ||     1
       Fruit             |       |       |       |     9 |    18 |    16 ||    43
       Royal jelly       |       |       |       |     1 |       |       ||     1
       Pizza             |       |       |       |       |       |     6 ||     6
